Espoo Blues vs Sarnia Sailors
Created - Tuesday, April 18, 2023 at 07:05
Goals
|
| Espoo Blues |
1 |
2 |
2 |
5 |
| Sarnia Sailors |
3 |
0 |
0 |
3 |
|
Shots
|
| Espoo Blues |
9 |
15 |
3 |
27 |
| Sarnia Sailors |
10 |
15 |
9 |
34 |
|
1st period
1. Sarnia Sailors , Vasily Podkolzin 17 (Keegan Kolesar 37) at 0:47 (PP)
2. Sarnia Sailors , Vasily Podkolzin 18 (Alex Vlasic 17, Dominic Toninato 15) at 14:46 (PP)
3. Sarnia Sailors , Vasily Podkolzin 19 (Alex Vlasic 18, Keegan Kolesar 38) at 14:56
4. Espoo Blues , Derick Brassard 19 (Stefan Noesen 26) at 17:52 (PP)
Penalties :
Stefan Noesen (ESP) for Holding Stick (Minor) at 0:30, Urho Vaakanainen (ESP) for Hooking (Minor) at 14:42, Keegan Kolesar (SAR) for High sticking (Minor) at 17:45
2nd period
5. Espoo Blues , Derick Brassard 20 (Stefan Noesen 27, Mattias Samuelsson 12) at 15:17 (PP)
6. Espoo Blues , Derick Brassard 21 (Joe Snively 14) at 19:25
Penalties :
Derick Brassard (ESP) for Interference (Minor) at 2:29, Keegan Kolesar (SAR) for Tripping (Minor) at 10:10, Rob Hamilton (SAR) for Hooking (Minor) at 14:41, Logan O'Connor (ESP) for Interference (Minor) at 17:45, Keegan Kolesar (SAR) for Tripping (Minor) at 18:38
3rd period
7. Espoo Blues , Logan O'Connor 7 (Derick Brassard 28, Joe Snively 15) at 3:56
8. Espoo Blues , Joe Snively 9 (Patric Hornqvist 6, Michael Stone 13) at 19:08
Penalties :
Brendan Lemieux (ESP) for Tripping (Minor) at 8:54
Goalie Stats
Stuart Skinner (ESP), 31 saves from 34 shots - (0.912), W, 6-4-1, 60:00 minutes
Laurent Brossoit (SAR), 22 saves from 27 shots - (0.815), L, 9-11-1, 60:00 minutes
Players Stats for Espoo Blues
Player Name G A P +/- PIM S H SB GA TA FO MP PP MP PK MP
------------------------------------------------------------------------------------
Anton Blidh 0 0 0 0 0 2 2 0 1 0 0/0 13:02 0:00 0:00
Brendan Lemieux 0 0 0 0 2 0 2 1 0 0 0/0 15:04 0:54 0:00
Cam York 0 0 0 0 0 1 1 1 0 1 0/0 20:28 0:19 1:43
Chad Ruhwedel 0 0 0 1 0 0 2 0 0 1 0/0 19:01 0:19 1:43
Derek Grant 0 0 0 0 0 2 1 0 0 1 9/18 18:47 1:09 2:52
Derick Brassard 3 1 4 1 2 6 1 2 0 0 16/22 19:45 2:26 1:23
Fredrik Karlstrom 0 0 0 1 0 0 1 1 0 1 5/7 14:22 0:00 0:46
Gavin Bayreuther 0 0 0 0 0 0 1 1 0 0 0/0 13:07 0:00 0:00
Joe Snively 1 2 3 2 0 3 2 0 1 1 1/2 19:21 2:26 0:48
Logan O'Connor 1 0 1 0 2 4 2 0 0 0 0/1 18:33 0:15 2:11
Mattias Janmark 0 0 0 0 0 0 0 0 0 0 0/0 4:47 0:00 2:24
Mattias Samuelsson 0 1 1 1 0 2 1 0 0 0 0/0 27:52 3:16 3:29
Michael Stone 0 1 1 2 0 1 3 0 2 0 0/0 26:31 3:16 3:29
Patric Hornqvist 0 1 1 1 0 2 1 0 1 0 0/0 15:15 0:54 0:00
Ridly Greig 0 0 0 0 0 0 1 0 0 0 0/0 6:35 0:00 0:00
Stefan Noesen 0 2 2 0 2 4 2 0 3 0 0/0 21:25 2:41 0:00
Urho Vaakanainen 0 0 0 0 2 0 1 0 0 0 0/0 13:07 0:00 0:00
Viktor Lodin 0 0 0 0 0 0 1 0 1 0 3/3 6:35 0:00 0:00
Players Stats for Sarnia Sailors
Player Name G A P +/- PIM S H SB GA TA FO MP PP MP PK MP
------------------------------------------------------------------------------------
Adam Erne 0 0 0 -2 0 4 4 1 1 0 0/0 17:48 2:47 0:00
Aleksi Heponiemi 0 0 0 -1 0 1 0 0 0 1 0/0 13:48 0:00 1:25
Alex Vlasic 0 2 2 0 0 1 0 2 0 1 0/0 22:56 2:02 2:36
Chris Wideman 0 0 0 0 0 0 0 0 0 0 0/0 10:48 3:10 0:00
Connor Carrick 0 0 0 0 0 2 2 3 0 0 0/0 17:39 0:00 2:51
David Warsofsky 0 0 0 -1 0 0 1 0 0 0 0/0 13:38 0:00 0:00
Dominic Toninato 0 1 1 1 0 1 4 0 1 2 9/33 21:16 2:25 3:02
Dominic Turgeon 0 0 0 -1 0 0 1 0 0 0 1/3 12:24 0:00 0:20
Dylan McLaughlin 0 0 0 -1 0 5 3 1 2 1 3/7 17:16 2:47 0:05
Jack Rathbone 0 0 0 0 0 1 3 2 0 0 0/0 22:40 3:10 0:44
Josh Dickinson 0 0 0 -1 0 1 1 0 0 0 1/5 14:37 2:47 1:41
Keegan Kolesar 0 2 2 1 6 5 1 1 0 1 2/2 19:11 2:24 0:31
Michael Dal Colle 0 0 0 -1 0 1 2 0 0 1 0/0 14:34 0:00 0:06
Mitchell Vande Sompel 0 0 0 -2 0 0 0 0 0 0 0/0 14:38 0:00 0:00
Rob Hamilton 0 0 0 -1 2 2 2 0 0 0 0/0 17:08 0:00 0:44
Seth Barton 0 0 0 -1 0 1 0 1 0 2 0/0 14:22 0:00 0:00
Vasily Podkolzin 3 0 3 1 0 7 0 0 1 0 3/3 20:06 2:25 0:00
Yannick Weber 0 0 0 0 0 2 0 0 0 0 0/0 10:26 2:02 0:15
3 Stars
1 - Derick Brassard (ESP)
2 - Vasily Podkolzin (SAR)
3 - Joe Snively (ESP)
Power Play
Espoo Blues - 2 on 4 Attempt(s) - 50.00%
Sarnia Sailors - 2 on 5 Attempt(s) - 40.00%
Penalty Kill
Espoo Blues - 3 on 5 Attempt(s) - 60.00%
- Score 0 goal in Penalty Kill
Sarnia Sailors - 2 on 4 Attempt(s) - 50.00%
- Score 0 goal in Penalty Kill
Team Stat
Espoo Blues - Hits : 25 - Faceoff Wins : 34 - Blocked Shots : 6 - Penalty Minutes : 10
Sarnia Sailors - Hits : 24 - Faceoff Wins : 19 - Blocked Shots : 11 - Penalty Minutes : 8
Official
Referees : Kelly Sutherland and Eric Furlatt
Linesman : Scott Driscoll and Tony Sericolo
Game Notes
Vasily Podkolzin has scored a Hat Trick!
Derick Brassard has scored a Hat Trick!
Espoo Blues
5 vs 5 Forward
Center Left Wing Right Wing Time % Phy DF OF
1 Derick Brassard Joe Snively Logan O'Connor 37 1 1 2
2 Derek Grant Brendan Lemieux Stefan Noesen 36 1 2 2
3 Fredrik Karlstrom Anton Blidh Patric Hornqvist 22 1 2 2
4 Viktor Lodin Ridly Greig Stefan Noesen 5 1 2 2
5 vs 5 Defense
Defense Defense Time % Phy DF OF
1 Mattias Samuelsson Michael Stone 41 1 2 2
2 Chad Ruhwedel Cam York 32 1 2 2
3 Urho Vaakanainen Gavin Bayreuther 20 1 2 2
4 Mattias Samuelsson Cam York 7 1 2 2
PowerPlay Forward
Center Left Wing Right Wing Time % Phy DF OF
1 Derick Brassard Joe Snively Stefan Noesen 62 1 2 2
2 Derek Grant Brendan Lemieux Patric Hornqvist 38 1 2 2
PowerPlay Defense
Defense Defense Time % Phy DF OF
1 Mattias Samuelsson Michael Stone 60 1 2 2
2 Chad Ruhwedel Cam York 40 1 2 2
Penalty Kill 4 Players Forward
Center Wing Time % Phy DF OF
1 Derek Grant Logan O'Connor 60 1 2 2
2 Derick Brassard Mattias Janmark 40 1 2 2
Penalty Kill 4 Players Defense
Defense Defense Time % Phy DF OF
1 Mattias Samuelsson Michael Stone 60 1 2 2
2 Chad Ruhwedel Cam York 40 1 2 2
Penalty Kill - 3 Players Forward
Forward Time % Phy DF OF
1 Derek Grant 60 1 2 2
2 Derick Brassard 40 1 2 2
Penalty Kill - 3 Players Defense
Defense Defense Time % Phy DF OF
1 Mattias Samuelsson Michael Stone 60 1 2 2
2 Chad Ruhwedel Cam York 40 1 2 2
4 vs 4 Forward
Center Wing Time % Phy DF OF
1 Derek Grant Stefan Noesen 60 1 2 2
2 Derick Brassard Joe Snively 40 1 2 2
4 vs 4 Defense
Defense Defense Time % Phy DF OF
1 Mattias Samuelsson Michael Stone 60 1 2 2
2 Chad Ruhwedel Cam York 40 1 2 2
Last Minutes Offensive
Center Left Wing Right Wing Defense Defense
Derek Grant Joe Snively Stefan Noesen Mattias Samuelsson Michael Stone
Last Minutes Defensive
Center Left Wing Right Wing Defense Defense
Derek Grant Derick Brassard Logan O'Connor Mattias Samuelsson Michael Stone
Goaltenders
Starting : Stuart Skinner
Backup : Spencer Knight
Extra Forwards
Normal : Stefan Noesen, Joe Snively, Derick Brassard - PP : Stefan Noesen, Joe Snively - PK : Logan O'Connor
Extra Defensemen
Normal : Cam York, Mattias Samuelsson, Michael Stone - PP : Michael Stone - PK : Urho Vaakanainen, Gavin Bayreuther
Penalty Shots
Stefan Noesen, Patric Hornqvist, Joe Snively, Brendan Lemieux, Viktor Lodin
Sarnia Sailors
5 vs 5 Forward
Center Left Wing Right Wing Time % Phy DF OF
1 Dominic Toninato Keegan Kolesar Vasily Podkolzin 40 1 2 2
2 Dylan McLaughlin Adam Erne Michael Dal Colle 30 1 2 2
3 Dominic Turgeon Aleksi Heponiemi Connor Carrick 20 1 2 2
4 Josh Dickinson Chris Wideman Yannick Weber 10 1 2 2
5 vs 5 Defense
Defense Defense Time % Phy DF OF
1 Alex Vlasic Jack Rathbone 40 1 2 2
2 Rob Hamilton Seth Barton 30 1 2 2
3 Mitchell Vande Sompel David Warsofsky 20 1 2 2
4 Connor Carrick Alex Vlasic 10 1 2 2
PowerPlay Forward
Center Left Wing Right Wing Time % Phy DF OF
1 Dominic Toninato Keegan Kolesar Vasily Podkolzin 60 1 2 2
2 Dylan McLaughlin Adam Erne Josh Dickinson 40 1 2 2
PowerPlay Defense
Defense Defense Time % Phy DF OF
1 Alex Vlasic Yannick Weber 60 1 2 2
2 Jack Rathbone Chris Wideman 40 1 2 2
Penalty Kill 4 Players Forward
Center Wing Time % Phy DF OF
1 Dominic Toninato Keegan Kolesar 60 1 2 2
2 Dylan McLaughlin Michael Dal Colle 40 1 2 2
Penalty Kill 4 Players Defense
Defense Defense Time % Phy DF OF
1 Alex Vlasic Connor Carrick 60 1 2 2
2 Jack Rathbone Rob Hamilton 40 1 2 2
Penalty Kill - 3 Players Forward
Forward Time % Phy DF OF
1 Dominic Toninato 60 1 2 2
2 Dylan McLaughlin 40 1 2 2
Penalty Kill - 3 Players Defense
Defense Defense Time % Phy DF OF
1 Alex Vlasic Connor Carrick 60 1 2 2
2 Jack Rathbone Rob Hamilton 40 1 2 2
4 vs 4 Forward
Center Wing Time % Phy DF OF
1 Keegan Kolesar Vasily Podkolzin 60 1 2 2
2 Dominic Turgeon Michael Dal Colle 40 1 2 2
4 vs 4 Defense
Defense Defense Time % Phy DF OF
1 Alex Vlasic Jack Rathbone 60 1 2 2
2 Connor Carrick Yannick Weber 40 1 2 2
Last Minutes Offensive
Center Left Wing Right Wing Defense Defense
Dominic Toninato Keegan Kolesar Vasily Podkolzin Alex Vlasic Jack Rathbone
Last Minutes Defensive
Center Left Wing Right Wing Defense Defense
Dylan McLaughlin Keegan Kolesar Dominic Toninato Alex Vlasic Connor Carrick
Goaltenders
Starting : Laurent Brossoit
Backup : Matt Tomkins
Extra Forwards
Normal : Josh Dickinson, Adam Erne, Aleksi Heponiemi - PP : Josh Dickinson, Aleksi Heponiemi - PK : Josh Dickinson
Extra Defensemen
Normal : Rob Hamilton, Seth Barton, Jack Rathbone - PP : David Warsofsky - PK : Rob Hamilton, Seth Barton
Penalty Shots
Keegan Kolesar, Vasily Podkolzin, Dominic Toninato, Aleksi Heponiemi, Michael Dal Colle
% Time on Ice - Espoo Blues
Lines # - Real PCT - Wanted PCT - Time Play
Normal Forward
1 - 29% - 37% - 14:20
2 - 32% - 36% - 15:57
3 - 26% - 22% - 12:52
4 - 13% - 5% - 6:35
Normal Defense
1 - 38% - 41% - 18:55
2 - 33% - 32% - 16:21
3 - 26% - 20% - 13:07
4 - 3% - 7% - 1:21
PP Forward
1 - 75% - 62% - 2:41
2 - 25% - 38% - 0:54
PP Defense
1 - 91% - 60% - 3:16
2 - 9% - 40% - 0:19
PK Forward
1 - 86% - 60% - 4:28
2 - 14% - 40% - 0:44
PK Defense
1 - 67% - 60% - 3:29
2 - 33% - 40% - 1:43
PK3 Forward
1 - 0% - 60%
2 - 0% - 40%
PK3 Defense
1 - 0% - 60%
2 - 0% - 40%
44 Forward
1 - 74% - 60% - 0:49
2 - 26% - 40% - 0:17
44 Defense
1 - 62% - 60% - 0:41
2 - 38% - 40% - 0:25
Last Minute Offensive - 0:00
Last Minute Defensive - 0:23
Total
Forward - 60:00
Defense - 60:00
|
% Time on Ice - Sarnia Sailors
Lines # - Real PCT - Wanted PCT - Time Play
Normal Forward
1 - 30% - 40% - 14:57
2 - 35% - 30% - 17:26
3 - 21% - 20% - 10:20
4 - 14% - 10% - 7:08
Normal Defense
1 - 28% - 40% - 13:52
2 - 34% - 30% - 17:04
3 - 27% - 20% - 13:38
4 - 11% - 10% - 5:17
PP Forward
1 - 46% - 60% - 2:25
2 - 54% - 40% - 2:47
PP Defense
1 - 39% - 60% - 2:02
2 - 61% - 40% - 3:10
PK Forward
1 - 98% - 60% - 3:30
2 - 2% - 40% - 0:05
PK Defense
1 - 73% - 60% - 2:36
2 - 27% - 40% - 0:59
PK3 Forward
1 - 0% - 60%
2 - 0% - 40%
PK3 Defense
1 - 0% - 60%
2 - 0% - 40%
44 Forward
1 - 100% - 60% - 1:06
2 - 0% - 40% - 0:00
44 Defense
1 - 71% - 60% - 0:47
2 - 29% - 40% - 0:19
Last Minute Offensive - 0:16
Last Minute Defensive - 0:00
Total
Forward - 60:00
Defense - 60:00
|
Play-by-Play
1st period
0:01 of 1st period - Derick Brassard wins face-off versus Dominic Toninato in neutral zone.
0:11 of 1st period - Off-side.
0:12 of 1st period - Dylan McLaughlin wins face-off versus Derek Grant in neutral zone.
0:30 of 1st period - Minor Penalty to Stefan Noesen for Holding Stick.
0:31 of 1st period - Dominic Toninato wins face-off versus Derek Grant in Espoo Blues zone.
0:47 of 1st period - Wrist shot by Vasily Podkolzin.
0:47 of 1st period - Goal by Vasily Podkolzin - Espoo Blues : 0 - Sarnia Sailors : 1.
0:48 of 1st period - Fredrik Karlstrom wins face-off versus Dominic Turgeon in neutral zone.
0:51 of 1st period - Aleksi Heponiemi is hit by Fredrik Karlstrom and loses puck.
1:14 of 1st period - Vasily Podkolzin is hit by Logan O'Connor and loses puck.
1:19 of 1st period - Slapshot by Derick Brassard.
1:19 of 1st period - Shot Misses the Net.
1:21 of 1st period - Wrist shot by Logan O'Connor.
1:21 of 1st period - Stopped by Laurent Brossoit with a rebound.
2:09 of 1st period - Off-side.
2:10 of 1st period - Derick Brassard wins face-off versus Dominic Toninato in neutral zone.
2:41 of 1st period - Wrist shot by Dylan McLaughlin.
2:41 of 1st period - Shot Misses the Net.
3:15 of 1st period - Michael Stone is hit by Keegan Kolesar and loses puck.
3:26 of 1st period - Slapshot by Michael Stone.
3:26 of 1st period - Shot Blocked by Connor Carrick.
5:04 of 1st period - David Warsofsky is hit by Logan O'Connor and loses puck.
5:49 of 1st period - Stefan Noesen is hit by Jack Rathbone and loses puck.
6:13 of 1st period - Connor Carrick is hit by Joe Snively and loses puck.
6:39 of 1st period - Michael Stone is hit by Adam Erne and loses puck.
6:46 of 1st period - Snap shot by Michael Dal Colle.
6:46 of 1st period - Stopped by Stuart Skinner with a rebound.
7:10 of 1st period - Urho Vaakanainen is hit by Dominic Toninato and loses puck.
7:39 of 1st period - Adam Erne is hit by Ridly Greig.
7:43 of 1st period - Cam York is hit by Adam Erne and loses puck.
7:56 of 1st period - Connor Carrick is hit by Chad Ruhwedel and loses puck.
8:07 of 1st period - Gavin Bayreuther is hit by Dominic Toninato and loses puck.
8:57 of 1st period - Snap shot by Josh Dickinson.
8:57 of 1st period - Shot Blocked by Gavin Bayreuther.
9:03 of 1st period - Joe Snively is hit by Jack Rathbone and loses puck.
9:37 of 1st period - Slapshot by Stefan Noesen.
9:37 of 1st period - Shot Blocked by Connor Carrick.
9:49 of 1st period - Mattias Samuelsson is hit by Michael Dal Colle and loses puck.
10:04 of 1st period - Dominic Turgeon is hit by Derick Brassard.
11:44 of 1st period - Viktor Lodin is hit by Adam Erne and loses puck.
11:54 of 1st period - Icing by Ridly Greig.
11:55 of 1st period - Viktor Lodin wins face-off versus Dominic Toninato in Espoo Blues zone.
12:02 of 1st period - Snap shot by Connor Carrick.
12:02 of 1st period - Shot Misses the Net.
12:04 of 1st period - Snap shot by Connor Carrick.
12:04 of 1st period - Stopped by Stuart Skinner with a rebound.
12:06 of 1st period - Wrist shot by Connor Carrick.
12:06 of 1st period - Deflect By Viktor Lodin.
12:06 of 1st period - Stopped by Stuart Skinner without a rebound.
12:07 of 1st period - Derick Brassard wins face-off versus Dominic Toninato in Espoo Blues zone.
12:44 of 1st period - Wrist shot by Adam Erne.
12:44 of 1st period - Shot Misses the Net.
14:40 of 1st period - Snap shot by Connor Carrick.
14:40 of 1st period - Shot Blocked by Derick Brassard.
14:42 of 1st period - Minor Penalty to Urho Vaakanainen for Hooking.
14:43 of 1st period - Dominic Toninato wins face-off versus Derek Grant in Espoo Blues zone.
14:44 of 1st period - Snap shot by Vasily Podkolzin.
14:44 of 1st period - Stopped by Stuart Skinner with a rebound.
14:46 of 1st period - Slapshot by Alex Vlasic.
14:46 of 1st period - Deflect By Vasily Podkolzin.
14:46 of 1st period - Goal by Vasily Podkolzin - Espoo Blues : 0 - Sarnia Sailors : 2.
14:47 of 1st period - Vasily Podkolzin wins face-off versus Derick Brassard in neutral zone.
14:54 of 1st period - Snap shot by Keegan Kolesar.
14:54 of 1st period - Stopped by Stuart Skinner with a rebound.
14:56 of 1st period - Slapshot by Alex Vlasic.
14:56 of 1st period - Deflect By Vasily Podkolzin.
14:56 of 1st period - Goal by Vasily Podkolzin - Espoo Blues : 0 - Sarnia Sailors : 3.
14:57 of 1st period - Derek Grant wins face-off versus Dominic Toninato in neutral zone.
15:04 of 1st period - Snap shot by Derek Grant.
15:04 of 1st period - Stopped by Laurent Brossoit with a rebound.
15:06 of 1st period - Slapshot by Cam York.
15:06 of 1st period - Stopped by Laurent Brossoit with a rebound.
15:08 of 1st period - Slapshot by Cam York.
15:08 of 1st period - Deflect By Derek Grant.
15:08 of 1st period - Shot Misses the Net.
15:08 of 1st period - Puck is out of play.
15:09 of 1st period - Derick Brassard wins face-off versus Dominic Toninato in Sarnia Sailors zone.
15:34 of 1st period - Jack Rathbone is hit by Brendan Lemieux and loses puck.
15:45 of 1st period - Snap shot by Brendan Lemieux.
15:45 of 1st period - Deflect By Stefan Noesen.
15:45 of 1st period - Shot Misses the Net.
15:45 of 1st period - Puck is out of play.
15:46 of 1st period - Dominic Toninato wins face-off versus Logan O'Connor in Sarnia Sailors zone.
15:59 of 1st period - Wrist shot by Keegan Kolesar.
15:59 of 1st period - Stopped by Stuart Skinner without a rebound.
16:00 of 1st period - Vasily Podkolzin wins face-off versus Derek Grant in Espoo Blues zone.
16:33 of 1st period - Snap shot by Dylan McLaughlin.
16:33 of 1st period - Shot Blocked by Derick Brassard.
16:35 of 1st period - Snap shot by Seth Barton.
16:35 of 1st period - Shot Misses the Net.
16:49 of 1st period - Wrist shot by Anton Blidh.
16:49 of 1st period - Stopped by Laurent Brossoit without a rebound.
16:50 of 1st period - Fredrik Karlstrom wins face-off versus Dominic Toninato in Sarnia Sailors zone.
16:51 of 1st period - Wrist shot by Patric Hornqvist.
16:51 of 1st period - Stopped by Laurent Brossoit with a rebound.
17:13 of 1st period - Michael Dal Colle is hit by Patric Hornqvist and loses puck.
17:20 of 1st period - Snap shot by Anton Blidh.
17:20 of 1st period - Deflect By Patric Hornqvist.
17:20 of 1st period - Shot Blocked by Adam Erne.
17:20 of 1st period - Puck is out of play.
17:21 of 1st period - Derek Grant wins face-off versus Dylan McLaughlin in Sarnia Sailors zone.
17:45 of 1st period - Minor Penalty to Keegan Kolesar for High sticking.
17:46 of 1st period - Derick Brassard wins face-off versus Dominic Toninato in Sarnia Sailors zone.
17:52 of 1st period - Slapshot by Stefan Noesen.
17:52 of 1st period - Deflect By Derick Brassard.
17:52 of 1st period - Goal by Derick Brassard - Espoo Blues : 1 - Sarnia Sailors : 3.
17:53 of 1st period - Derick Brassard wins face-off versus Dominic Toninato in neutral zone.
17:58 of 1st period - Wrist shot by Derick Brassard.
17:58 of 1st period - Stopped by Laurent Brossoit with a rebound.
18:02 of 1st period - Slapshot by Derick Brassard.
18:02 of 1st period - Stopped by Laurent Brossoit with a rebound.
18:18 of 1st period - Stefan Noesen is hit by Michael Dal Colle and loses puck.
18:48 of 1st period - Icing by Michael Stone.
18:49 of 1st period - Vasily Podkolzin wins face-off versus Fredrik Karlstrom in Espoo Blues zone.
18:50 of 1st period - Slapshot by Keegan Kolesar.
18:50 of 1st period - Stopped by Stuart Skinner with a rebound.
18:56 of 1st period - Wrist shot by Anton Blidh.
18:56 of 1st period - Stopped by Laurent Brossoit without a rebound.
18:57 of 1st period - Derick Brassard wins face-off versus Dominic Toninato in Sarnia Sailors zone.
Goals for this period are 1 for Espoo Blues vs 3 for Sarnia Sailors.
Shots for this period are 9 for Espoo Blues vs 10 for Sarnia Sailors.
2nd period
0:01 of 2nd period - Derick Brassard wins face-off versus Dominic Toninato in neutral zone.
0:10 of 2nd period - Snap shot by Derick Brassard.
0:10 of 2nd period - Shot Misses the Net.
0:26 of 2nd period - Michael Dal Colle is hit by Michael Stone and loses puck.
0:32 of 2nd period - Icing by Michael Dal Colle.
0:33 of 2nd period - Derek Grant wins face-off versus Dylan McLaughlin in Sarnia Sailors zone.
0:52 of 2nd period - Wrist shot by Adam Erne.
0:52 of 2nd period - Stopped by Stuart Skinner with a rebound.
0:54 of 2nd period - Wrist shot by Dylan McLaughlin.
0:54 of 2nd period - Shot Misses the Net.
0:56 of 2nd period - Wrist shot by Michael Dal Colle.
0:56 of 2nd period - Deflect By Dylan McLaughlin.
0:56 of 2nd period - Shot Blocked by Brendan Lemieux.
0:56 of 2nd period - Puck is out of play.
0:57 of 2nd period - Dominic Toninato wins face-off versus Derick Brassard in Espoo Blues zone.
1:07 of 2nd period - Off-side.
1:08 of 2nd period - Derick Brassard wins face-off versus Dominic Toninato in neutral zone.
1:11 of 2nd period - Wrist shot by Logan O'Connor.
1:11 of 2nd period - Stopped by Laurent Brossoit without a rebound.
1:12 of 2nd period - Dominic Toninato wins face-off versus Joe Snively in Sarnia Sailors zone.
1:25 of 2nd period - Snap shot by Keegan Kolesar.
1:25 of 2nd period - Stopped by Stuart Skinner without a rebound.
1:26 of 2nd period - Derek Grant wins face-off versus Dominic Turgeon in Espoo Blues zone.
1:58 of 2nd period - Slapshot by Rob Hamilton.
1:58 of 2nd period - Shot Misses the Net.
2:00 of 2nd period - Slapshot by Rob Hamilton.
2:00 of 2nd period - Shot Misses the Net.
2:02 of 2nd period - Snap shot by Aleksi Heponiemi.
2:02 of 2nd period - Shot Blocked by Fredrik Karlstrom.
2:04 of 2nd period - Slapshot by Seth Barton.
2:04 of 2nd period - Stopped by Stuart Skinner with a rebound.
2:06 of 2nd period - Snap shot by Connor Carrick.
2:06 of 2nd period - Shot Misses the Net.
2:08 of 2nd period - Snap shot by Rob Hamilton.
2:08 of 2nd period - Stopped by Stuart Skinner with a rebound.
2:10 of 2nd period - Snap shot by Rob Hamilton.
2:10 of 2nd period - Stopped by Stuart Skinner without a rebound.
2:11 of 2nd period - Keegan Kolesar wins face-off versus Derick Brassard in Espoo Blues zone.
2:12 of 2nd period - Snap shot by Vasily Podkolzin.
2:12 of 2nd period - Stopped by Stuart Skinner with a rebound.
2:14 of 2nd period - Snap shot by Vasily Podkolzin.
2:14 of 2nd period - Stopped by Stuart Skinner without a rebound.
2:15 of 2nd period - Dominic Toninato wins face-off versus Derick Brassard in Espoo Blues zone.
2:29 of 2nd period - Minor Penalty to Derick Brassard for Interference.
2:30 of 2nd period - Dominic Toninato wins face-off versus Derek Grant in Espoo Blues zone.
2:31 of 2nd period - Snap shot by Keegan Kolesar.
2:31 of 2nd period - Shot Hit the Post.
3:33 of 2nd period - Joe Snively is hit by Dylan McLaughlin and loses puck.
3:46 of 2nd period - Cam York is hit by Dylan McLaughlin and loses puck.
3:57 of 2nd period - Chris Wideman is hit by Chad Ruhwedel.
4:11 of 2nd period - Joe Snively is hit by Josh Dickinson and loses puck.
4:29 of 2nd period - Penalty to Derick Brassard is over, Derick Brassard is back on ice.
4:38 of 2nd period - Adam Erne is hit by Joe Snively and loses puck.
4:51 of 2nd period - Slapshot by Joe Snively.
4:51 of 2nd period - Stopped by Laurent Brossoit with a rebound.
4:53 of 2nd period - Wrist shot by Derick Brassard.
4:53 of 2nd period - Shot Blocked by Dylan McLaughlin.
4:55 of 2nd period - Slapshot by Mattias Samuelsson.
4:55 of 2nd period - Stopped by Laurent Brossoit without a rebound.
4:56 of 2nd period - Fredrik Karlstrom wins face-off versus Dominic Toninato in Sarnia Sailors zone.
5:22 of 2nd period - Snap shot by Vasily Podkolzin.
5:22 of 2nd period - Shot Misses the Net.
5:48 of 2nd period - Snap shot by Stefan Noesen.
5:48 of 2nd period - Shot Blocked by Seth Barton.
5:50 of 2nd period - Snap shot by Gavin Bayreuther.
5:50 of 2nd period - Deflect By Stefan Noesen.
5:50 of 2nd period - Shot Misses the Net.
5:50 of 2nd period - Puck is out of play.
5:51 of 2nd period - Derek Grant wins face-off versus Dominic Toninato in Sarnia Sailors zone.
6:07 of 2nd period - Brendan Lemieux is hit by Dominic Toninato and loses puck.
6:43 of 2nd period - Snap shot by Patric Hornqvist.
6:43 of 2nd period - Stopped by Laurent Brossoit without a rebound.
6:44 of 2nd period - Dominic Turgeon wins face-off versus Fredrik Karlstrom in Sarnia Sailors zone.
6:49 of 2nd period - Patric Hornqvist is hit by Dominic Turgeon and loses puck.
7:28 of 2nd period - Snap shot by Stefan Noesen.
7:28 of 2nd period - Shot Blocked by Alex Vlasic.
7:30 of 2nd period - Wrist shot by Derek Grant.
7:30 of 2nd period - Stopped by Laurent Brossoit with a rebound.
7:32 of 2nd period - Slapshot by Gavin Bayreuther.
7:32 of 2nd period - Shot Hit the Post.
8:08 of 2nd period - Off-side.
8:09 of 2nd period - Fredrik Karlstrom wins face-off versus Dominic Toninato in neutral zone.
8:12 of 2nd period - Slapshot by Cam York.
8:12 of 2nd period - Shot Misses the Net.
8:32 of 2nd period - Wrist shot by Stefan Noesen.
8:32 of 2nd period - Stopped by Laurent Brossoit without a rebound.
8:33 of 2nd period - Dylan McLaughlin wins face-off versus Derek Grant in Sarnia Sailors zone.
8:33 of 2nd period - Dylan McLaughlin is hit by Derek Grant.
8:49 of 2nd period - Wrist shot by Dylan McLaughlin.
8:49 of 2nd period - Stopped by Stuart Skinner with a rebound.
9:24 of 2nd period - Michael Stone is hit by Rob Hamilton.
10:10 of 2nd period - Minor Penalty to Keegan Kolesar for Tripping.
10:11 of 2nd period - Derick Brassard wins face-off versus Dominic Toninato in Sarnia Sailors zone.
10:14 of 2nd period - Wrist shot by Derick Brassard.
10:14 of 2nd period - Shot Blocked by Alex Vlasic.
10:16 of 2nd period - Snap shot by Michael Stone.
10:16 of 2nd period - Stopped by Laurent Brossoit with a rebound.
10:18 of 2nd period - Backhand shot by Mattias Samuelsson.
10:18 of 2nd period - Stopped by Laurent Brossoit with a rebound.
10:20 of 2nd period - Snap shot by Michael Stone.
10:20 of 2nd period - Deflect By Stefan Noesen.
10:20 of 2nd period - Stopped by Laurent Brossoit with a rebound.
10:22 of 2nd period - Slapshot by Mattias Samuelsson.
10:22 of 2nd period - Deflect By Stefan Noesen.
10:22 of 2nd period - Shot Misses the Net.
10:22 of 2nd period - Puck is out of play.
10:23 of 2nd period - Derick Brassard wins face-off versus Dominic Toninato in Sarnia Sailors zone.
10:37 of 2nd period - Snap shot by Stefan Noesen.
10:37 of 2nd period - Stopped by Laurent Brossoit without a rebound.
10:38 of 2nd period - Dominic Toninato wins face-off versus Derick Brassard in Sarnia Sailors zone.
10:38 of 2nd period - Dominic Toninato is hit by Michael Stone.
11:03 of 2nd period - Icing by Patric Hornqvist.
11:04 of 2nd period - Dominic Toninato wins face-off versus Derek Grant in Espoo Blues zone.
11:05 of 2nd period - Slapshot by Aleksi Heponiemi.
11:05 of 2nd period - Shot Misses the Net.
11:07 of 2nd period - Wrist shot by Aleksi Heponiemi.
11:07 of 2nd period - Stopped by Stuart Skinner without a rebound.
11:08 of 2nd period - Derick Brassard wins face-off versus Dominic Toninato in Espoo Blues zone.
12:10 of 2nd period - Penalty to Keegan Kolesar is over, Keegan Kolesar is back on ice.
12:17 of 2nd period - Dominic Turgeon is hit by Cam York and loses puck.
14:34 of 2nd period - Snap shot by Logan O'Connor.
14:34 of 2nd period - Stopped by Laurent Brossoit without a rebound.
14:35 of 2nd period - Fredrik Karlstrom wins face-off versus Josh Dickinson in Sarnia Sailors zone.
14:41 of 2nd period - Minor Penalty to Rob Hamilton for Hooking.
14:42 of 2nd period - Derick Brassard wins face-off versus Dominic Toninato in Sarnia Sailors zone.
14:42 of 2nd period - Wrist shot by Stefan Noesen.
14:42 of 2nd period - Shot Misses the Net.
14:44 of 2nd period - Slapshot by Michael Stone.
14:44 of 2nd period - Shot Blocked by Connor Carrick.
14:46 of 2nd period - Wrist shot by Stefan Noesen.
14:46 of 2nd period - Shot Blocked by Keegan Kolesar.
14:48 of 2nd period - Slapshot by Stefan Noesen.
14:48 of 2nd period - Shot Misses the Net.
15:15 of 2nd period - Snap shot by Stefan Noesen.
15:15 of 2nd period - Stopped by Laurent Brossoit with a rebound.
15:17 of 2nd period - Wrist shot by Derick Brassard.
15:17 of 2nd period - Goal by Derick Brassard - Espoo Blues : 2 - Sarnia Sailors : 3.
15:18 of 2nd period - Keegan Kolesar wins face-off versus Derek Grant in neutral zone.
15:51 of 2nd period - Slapshot by Logan O'Connor.
15:51 of 2nd period - Shot Blocked by Jack Rathbone.
16:37 of 2nd period - Snap shot by Keegan Kolesar.
16:37 of 2nd period - Stopped by Stuart Skinner without a rebound.
16:38 of 2nd period - Derek Grant wins face-off versus Dominic Toninato in Espoo Blues zone.
16:38 of 2nd period - Derek Grant is hit by David Warsofsky.
17:38 of 2nd period - Icing by Michael Dal Colle.
17:39 of 2nd period - Derick Brassard wins face-off versus Dylan McLaughlin in Sarnia Sailors zone.
17:45 of 2nd period - Minor Penalty to Logan O'Connor for Interference.
17:46 of 2nd period - Derek Grant wins face-off versus Dominic Toninato in Espoo Blues zone.
17:56 of 2nd period - Snap shot by Keegan Kolesar.
17:56 of 2nd period - Deflect By Vasily Podkolzin.
17:56 of 2nd period - Deflect By Derek Grant.
17:56 of 2nd period - Stopped by Stuart Skinner with a rebound.
18:14 of 2nd period - Slapshot by Jack Rathbone.
18:14 of 2nd period - Stopped by Stuart Skinner with a rebound.
18:16 of 2nd period - Wrist shot by Josh Dickinson.
18:16 of 2nd period - Stopped by Stuart Skinner with a rebound.
18:18 of 2nd period - Wrist shot by Dylan McLaughlin.
18:18 of 2nd period - Stopped by Stuart Skinner with a rebound.
18:38 of 2nd period - Minor Penalty to Keegan Kolesar for Tripping.
18:39 of 2nd period - Derek Grant wins face-off versus Josh Dickinson in Sarnia Sailors zone.
18:40 of 2nd period - Slapshot by Stefan Noesen.
18:40 of 2nd period - Shot Misses the Net.
18:50 of 2nd period - Backhand shot by Alex Vlasic.
18:50 of 2nd period - Stopped by Stuart Skinner with a rebound.
19:23 of 2nd period - Snap shot by Derick Brassard.
19:23 of 2nd period - Stopped by Laurent Brossoit with a rebound.
19:25 of 2nd period - Slapshot by Derick Brassard.
19:25 of 2nd period - Goal by Derick Brassard - Espoo Blues : 3 - Sarnia Sailors : 3.
19:26 of 2nd period - Josh Dickinson wins face-off versus Derek Grant in neutral zone.
19:35 of 2nd period - Mattias Samuelsson is hit by Connor Carrick and loses puck.
19:45 of 2nd period - Penalty to Logan O'Connor is over, Logan O'Connor is back on ice.
Goals for this period are 2 for Espoo Blues vs 0 for Sarnia Sailors.
Shots for this period are 15 for Espoo Blues vs 15 for Sarnia Sailors.
3rd period
0:01 of 3rd period - Derick Brassard wins face-off versus Dominic Toninato in neutral zone.
0:16 of 3rd period - Snap shot by Derick Brassard.
0:16 of 3rd period - Shot Misses the Net.
0:26 of 3rd period - Patric Hornqvist is hit by Connor Carrick and loses puck.
0:38 of 3rd period - Penalty to Keegan Kolesar is over, Keegan Kolesar is back on ice.
0:45 of 3rd period - Slapshot by Aleksi Heponiemi.
0:45 of 3rd period - Deflect By Adam Erne.
0:45 of 3rd period - Stopped by Stuart Skinner with a rebound.
0:47 of 3rd period - Snap shot by Rob Hamilton.
0:47 of 3rd period - Shot Blocked by Cam York.
1:28 of 3rd period - Wrist shot by Connor Carrick.
1:28 of 3rd period - Shot Misses the Net.
1:40 of 3rd period - Vasily Podkolzin is hit by Stefan Noesen and loses puck.
2:01 of 3rd period - Snap shot by Adam Erne.
2:01 of 3rd period - Deflect By Dylan McLaughlin.
2:01 of 3rd period - Stopped by Stuart Skinner with a rebound.
2:03 of 3rd period - Snap shot by Dylan McLaughlin.
2:03 of 3rd period - Stopped by Stuart Skinner with a rebound.
2:05 of 3rd period - Snap shot by Adam Erne.
2:05 of 3rd period - Stopped by Stuart Skinner with a rebound.
2:48 of 3rd period - Dominic Toninato is hit by Anton Blidh and loses puck.
3:50 of 3rd period - Icing by Mitchell Vande Sompel.
3:51 of 3rd period - Joe Snively wins face-off versus Dylan McLaughlin in Sarnia Sailors zone.
3:56 of 3rd period - Wrist shot by Logan O'Connor.
3:56 of 3rd period - Goal by Logan O'Connor - Espoo Blues : 4 - Sarnia Sailors : 3.
3:57 of 3rd period - Derick Brassard wins face-off versus Dominic Toninato in neutral zone.
4:02 of 3rd period - Wrist shot by Joe Snively.
4:02 of 3rd period - Stopped by Laurent Brossoit with a rebound.
4:12 of 3rd period - Wrist shot by Vasily Podkolzin.
4:12 of 3rd period - Shot Misses the Net.
4:24 of 3rd period - Mattias Samuelsson is hit by Dylan McLaughlin and loses puck.
5:05 of 3rd period - Wrist shot by Yannick Weber.
5:05 of 3rd period - Stopped by Stuart Skinner without a rebound.
5:06 of 3rd period - Viktor Lodin wins face-off versus Josh Dickinson in Espoo Blues zone.
5:15 of 3rd period - Wrist shot by Chad Ruhwedel.
5:15 of 3rd period - Shot Misses the Net.
5:17 of 3rd period - Wrist shot by Viktor Lodin.
5:17 of 3rd period - Shot Hit the Post.
5:19 of 3rd period - Wrist shot by Stefan Noesen.
5:19 of 3rd period - Shot Blocked by Jack Rathbone.
6:28 of 3rd period - Icing by Mattias Samuelsson.
6:29 of 3rd period - Viktor Lodin wins face-off versus Dominic Toninato in Espoo Blues zone.
7:30 of 3rd period - Backhand shot by Yannick Weber.
7:30 of 3rd period - Stopped by Stuart Skinner with a rebound.
7:40 of 3rd period - Aleksi Heponiemi is hit by Urho Vaakanainen and loses puck.
7:51 of 3rd period - Gavin Bayreuther is hit by Rob Hamilton and loses puck.
8:18 of 3rd period - Viktor Lodin is hit by Dominic Toninato and loses puck.
8:25 of 3rd period - Dominic Toninato is hit by Stefan Noesen and loses puck.
8:40 of 3rd period - Slapshot by Adam Erne.
8:40 of 3rd period - Shot Misses the Net.
8:42 of 3rd period - Slapshot by Michael Dal Colle.
8:42 of 3rd period - Deflect By Dylan McLaughlin.
8:42 of 3rd period - Stopped by Stuart Skinner with a rebound.
8:44 of 3rd period - Snap shot by Adam Erne.
8:44 of 3rd period - Stopped by Stuart Skinner with a rebound.
8:46 of 3rd period - Snap shot by Dylan McLaughlin.
8:46 of 3rd period - Shot Misses the Net.
8:54 of 3rd period - Minor Penalty to Brendan Lemieux for Tripping.
8:55 of 3rd period - Derek Grant wins face-off versus Josh Dickinson in Espoo Blues zone.
9:31 of 3rd period - Snap shot by Vasily Podkolzin.
9:31 of 3rd period - Deflect By Dominic Toninato.
9:31 of 3rd period - Stopped by Stuart Skinner with a rebound.
10:35 of 3rd period - Fredrik Karlstrom is hit by Jack Rathbone and loses puck.
10:54 of 3rd period - Penalty to Brendan Lemieux is over, Brendan Lemieux is back on ice.
10:54 of 3rd period - Chris Wideman is hit by Brendan Lemieux and loses puck.
11:28 of 3rd period - Anton Blidh is hit by Adam Erne and loses puck.
13:47 of 3rd period - Chris Wideman is hit by Anton Blidh and loses puck.
14:06 of 3rd period - Mitchell Vande Sompel is hit by Viktor Lodin and loses puck.
15:49 of 3rd period - David Warsofsky is hit by Mattias Samuelsson and loses puck.
16:12 of 3rd period - Keegan Kolesar is hit by Michael Stone and loses puck.
19:08 of 3rd period - Snap shot by Joe Snively.
19:08 of 3rd period - Goal by Joe Snively - Espoo Blues : 5 - Sarnia Sailors : 3.
19:09 of 3rd period - Dylan McLaughlin wins face-off versus Derick Brassard in neutral zone.
19:32 of 3rd period - Dylan McLaughlin is hit by Gavin Bayreuther and loses puck.
Goals for this period are 2 for Espoo Blues vs 0 for Sarnia Sailors.
Shots for this period are 3 for Espoo Blues vs 9 for Sarnia Sailors.
Back to the Top